AoeStats
← Rodrigo Lao Tse

Arena

509152096Analyzed
1v1 RM · 6d ago on Sep 25, 2026· 46m 29s· 2 players
Game mode
Random Map
Map size
Tiny (2 player)
Population
200
Speed
Normal
Resources
Standard
Victory
Conquest
Starting age
Dark Age
Ending age
Imperial Age
RankedLock teamsTeams togetherTeam positionsShared explorationLock speedFull tech treeHidden civsTurbo modeCheats
Victory
Defeat
🇨🇳 Persians · China
876
+17
🇨🇱 Maya · Chile
892
-17
123
10:39 Feudal Age
11:22 Double-Bit Axe
15:06 Castle Age
13:17 Horse Collar
16:33 Wheelbarrow
16:40 Wheelbarrow
16:16 Bow Saw
16:07 Heavy Plow
23:10 Hand Cart
23:13 Stone Mining
23:14 Gold Mining
25:03 Town Watch
26:33 Stone Shaft Mining
26:33 Gold Shaft Mining
30:11 Imperial Age
27:30 Loom
28:42 Town Patrol
30:37 Forging
30:16 Elite War Elephant
31:25 Scale Barding Armor
31:59 Iron Casting
31:53 Fletching
32:04 Scale Mail Armor
32:39 Chain Barding Armor
32:50 Chain Barding Armor
33:03 Conscription
32:56 Citadels
34:33 Blast Furnace
33:54 Fervor
34:24 Theocracy
33:53 Devotion
34:54 Masonry
34:42 Murder Holes
35:08 Ballistics
36:45 Plate Barding Armor
35:37 Heavy Camel Rider
36:25 Husbandry
36:35 Bloodlines
38:14 Bodkin Arrow
38:20 Bodkin Arrow
39:35 Two-Man Saw
39:15 Crop Rotation
44:43 Hoardings
Rodrigo Lao Tse
0:26 Loom
10:32 Feudal Age
11:07 Gold Mining
11:04 Double-Bit Axe
13:35 Wheelbarrow
14:50 Scale Mail Armor
19:12 Horse Collar
24:39 Castle Age
22:55 Town Watch
25:12 Eagle Warrior
25:53 Squires
26:08 Bow Saw
25:51 Stone Mining
26:32 Chain Mail Armor
28:01 Hand Cart
28:33 Arson
29:08 Forging
32:32 Iron Casting
34:54 Imperial Age
32:56 Heavy Plow
33:37 Stone Shaft Mining
35:29 Elite Eagle Warrior
36:42 Plate Mail Armor
39:39 Block Printing
40:52 Holcans
42:16 Pikeman
43:01 Halberdier
45:37 Blast Furnace
Connection lost

Rejoining the realm…

Still unreachable

The connection could not be restored.

Session expired

The server has moved on; the page needs a fresh start.